 Dungeon Crawl Stone Soup version 0.24-a0-446-g87df7205b4 (webtiles) character file.

Game seed: 15639987855874684115

72 Azzok the Digger (level 4, 0/32 HPs)
             Began as a Gnoll Earth Elementalist on June 23, 2019.
             Succumbed to an adder's poison
             ... on level 3 of the Dungeon.
             The game lasted 00:01:55 (1813 turns).

Azzok the Digger (Gnoll Earth Elementalist)         Turns: 1813, Time: 00:01:56

Health: 0/32       AC:  2    Str: 10    XL:     4   Next: 26%
Magic:  11/11      EV: 15    Int: 19    God:
Gold:   77         SH:  0    Dex: 15    Spells: 12/13 levels left

rFire    . . .     SeeInvis .     - Unarmed
rCold    . . .     Gourm    .   (no shield)
rNeg     . . .     Faith    .   c - +0 robe
rPois    .         Spirit   .   (no helmet)
rElec    .         Reflect  .   (no cloak)
rCorr    .         Harm     .   (no gloves)
MR       .....                  (no boots)
Stlth    +++.......             (no amulet)
HPRegen  0.10/turn              (no ring)
MPRegen  0.12/turn              (no ring)

@: lethally poisoned (0 -> -7)
A: distributed training, fangs 1, strong nose
a: no special abilities


You were on level 3 of the Dungeon.
You were hungry.

You visited 1 branch of the dungeon, and saw 3 of its levels.

You collected 77 gold pieces.

Inventory:

Armour
 c - a +0 robe (worn)
 f - a scarf of resistance
Scrolls
 e - 5 scrolls of identify {unknown}
 i - 2 scrolls of remove curse {unknown}
 j - a scroll of teleportation {unknown}
 l - a scroll of noise {unknown}
 m - a scroll of fear {unknown}
Potions
 a - a potion of mutation {unknown}
 h - a potion of lignification {unknown}
 k - a potion of resistance {unknown}
Comestibles
 d - 4 rations


   Skills:
 + Level 1.0 Fighting
 + Level 1.0 Short Blades
 + Level 1.0 Long Blades
 + Level 1.0 Axes
 + Level 1.0 Maces & Flails
 + Level 1.0 Polearms
 + Level 1.0 Staves
 + Level 1.0 Slings
 + Level 1.0 Bows
 + Level 1.0 Crossbows
 + Level 1.0 Throwing
 + Level 1.0 Armour
 + Level 4.6 Dodging
 + Level 4.2 Stealth
 + Level 1.0 Shields
 + Level 1.0 Unarmed Combat
 + Level 5.0 Spellcasting
 + Level 0.8 Conjurations
 + Level 0.8 Hexes
 + Level 0.8 Charms
 + Level 0.8 Summonings
 + Level 0.8 Necromancy
 + Level 0.8 Translocations
 + Level 2.2 Transmutations
 + Level 0.8 Fire Magic
 + Level 0.8 Ice Magic
 + Level 0.8 Air Magic
 + Level 5.4 Earth Magic
 + Level 0.8 Poison Magic
 + Level 1.1 Invocations
 + Level 1.0 Evocations


You had 12 spell levels left.
You knew the following spells:

 Your Spells              Type           Power        Failure   Level  Hunger
a - Sandblast             Erth           ####..       1%          1    None

Your spell library contained the following spells:

 Spells                   Type           Power        Failure   Level  Hunger
 Passwall                 Tmut/Erth      ###.....     3%          2    #......
 Stone Arrow              Conj/Erth      ###...       11%         3    ##.....
 Petrify                  Tmut/Erth      ###.....     26%         4    ####...
 Lee's Rapid Deconstruct  Erth           ####......   36%         5    ######.


Dungeon Overview and Level Annotations

Branches:
Dungeon (3/15)

Altars:
Kikubaaqudgha
The Shining One

Annotations:
D:2 1 exclusion


Innate Abilities, Weirdness & Mutations

Your experience applies equally to all skills.
You have very sharp teeth.
Your uncanny sense of smell can sniff out nearby items.


Message History

You are more poisoned.
The adder poisons you!
You hit the adder but do no damage.
The adder is heavily wounded.
* * * LOW HITPOINT WARNING * * *
You feel sick. The adder bites you.
* * * LOW HITPOINT WARNING * * *
You hit the adder.
The adder is severely wounded.
* * * LOW HITPOINT WARNING * * *
You feel sick. The adder bites you.
* * * LOW HITPOINT WARNING * * *
You hit the adder.
You kill the adder!
* * * LOW HITPOINT WARNING * * *
You feel sick.
You see here an adder corpse.
* * * LOW HITPOINT WARNING * * *
You feel sick.
You die...

▒▒▒▒<▒▒▒▒
▒·······▒▒▒
▒·▒▒·▒▒···▒
▒·▒▒·▒▒·▒▒···▒
▒············▒
▒▒▒▒·▒▒·▒▒·▒·▒
▒·▒▒†▒▒·▒
▒·······▒
▒▒▒▒@▒▒▒▒
········▒
▒▒▒▒▒▒▒▒▒


There were no monsters in sight!

Vanquished Creatures
  2 adders
  2 dart slugs (D:1)
  A leopard gecko (D:1)
  4 bats
  A bat skeleton (D:2)
  3 bat zombies (D:2)
  3 giant cockroaches (D:2)
  4 goblins
  6 hobgoblins
  5 jackals (D:1)
  7 kobolds
  A frilled lizard (D:2)
  4 rats
43 creatures vanquished.

Notes
Turn   | Place    | Note
-------+----------+-------------------------------------------
     0 | D:1      | Azzok the Gnoll Earth Elementalist began the quest for the
                  | Orb.
     0 | D:1      | Reached XP level 1. HP: 13/13 MP: 6/6
     6 | D:1      | Noticed a rime drake
     6 | D:1      | Noticed a polar bear
     7 | D:1      | Noticed a killer bee
   166 | D:1      | Reached XP level 2. HP: 19/19 MP: 2/7
   332 | D:1      | Reached XP level 3. HP: 25/25 MP: 1/9
   579 | D:1      | Reached skill level 5 in Spellcasting
   902 | D:2      | Reached skill level 1 in Invocations
  1037 | D:2      | Reached skill level 1 in Fighting
  1037 | D:2      | Reached skill level 1 in Short Blades
  1037 | D:2      | Reached skill level 1 in Long Blades
  1037 | D:2      | Reached skill level 1 in Axes
  1037 | D:2      | Reached skill level 1 in Maces & Flails
  1037 | D:2      | Reached skill level 1 in Polearms
  1037 | D:2      | Reached skill level 1 in Staves
  1037 | D:2      | Reached skill level 1 in Slings
  1037 | D:2      | Reached skill level 1 in Bows
  1037 | D:2      | Reached skill level 1 in Crossbows
  1037 | D:2      | Reached skill level 1 in Throwing
  1037 | D:2      | Reached skill level 1 in Armour
  1037 | D:2      | Reached skill level 1 in Shields
  1037 | D:2      | Reached skill level 1 in Unarmed Combat
  1037 | D:2      | Reached skill level 1 in Evocations
  1176 | D:2      | Found a glowing golden altar of the Shining One.
  1440 | D:2      | Reached XP level 4. HP: 22/32 MP: 11/11
  1763 | D:2      | Found an ancient bone altar of Kikubaaqudgha.
  1812 | D:3      | HP: 1/32 [poisoned by an adder]
  1813 | D:3      | Succumbed to an adder's poison

Levels and vault maps discovered:
D:1:      onia_arrival_zoo_common, layout_rooms
D:2:      layout_rooms, nicolae_tso_swordbearing_angel,
          kennysheep_vampire_church
D:3:      layout_loops_ring, gammafunk_temple_overflow_claw,
          chequers_ecumenical_altar_simple, minmay_increasing_density,
          uniq_crazy_yiuf_cottage

Skill      XL: |  1  2  3 |
---------------+----------+-----
Transmutations | 2 |  2.2
Spellcasting   | 5 |  5.0
Invocations    | 1 |  1.1
Fighting       | 1 |  1.0
Short Blades   | 1 |  1.0
Long Blades    | 1 |  1.0
Axes           | 1 |  1.0
Maces & Flails | 1 |  1.0
Polearms       | 1 |  1.0
Staves         | 1 |  1.0
Slings         | 1 |  1.0
Bows           | 1 |  1.0
Crossbows      | 1 |  1.0
Throwing       | 1 |  1.0
Armour         | 1 |  1.0
Shields        | 1 |  1.0
Unarmed Combat | 1 |  1.0
Evocations     | 1 |  1.0
Dodging        | |  4.6
Stealth        | |  4.2
Conjurations   | |  0.8
Hexes          | |  0.8
Charms         | |  0.8
Summonings     | |  0.8
Necromancy     | |  0.8
Translocations | |  0.8
Fire Magic     | |  0.8
Ice Magic      | |  0.8
Air Magic      | |  0.8
Earth Magic    | |  5.4
Poison Magic   | |  0.8

Action                   |  1- 3 |  4- 6 || total
-------------------------+-------+-------++-------
Melee: Unarmed           |    51 |    40 ||    91
       Bite              |     6 |     5 ||    11
 Cast: Sandblast         |    39 |       ||    39
 Stab: Sleeping          |     1 |       ||     1
  Eat: Chunk             |     1 |     1 ||     2
Armor: Robe              |     5 |    15 ||    20
Dodge: Dodged            |    37 |    61 ||    98

Table legend:
 A = Non-vault XP
 B = Vault XP
 C = Vault XP percentage of total XP
 D = Non-vault monster count
 E = Vault monster count
 F = Vault count percentage of total count
                 A         B        C        D         E       F
            +---------+---------+-------+---------+---------+-------
      Total |      96 |       8 |   7.7 |      39 |       4 |   9.3
            +---------+---------+-------+---------+---------+-------
        D:1 |      44 |       0 |   0.0 |      21 |       0 |   0.0
        D:2 |      39 |       8 |  17.0 |      17 |       4 |  19.0
        D:3 |      13 |       0 |   0.0 |       1 |       0 |   0.0
            +---------+---------+-------+---------+---------+-------
